 Dungeon Crawl Stone Soup version 0.19-a0-1738-gbb2db12 (webtiles) character file.

8792 Naow the Severer (level 11, -6/123 HPs)
             Began as a Minotaur Berserker on Oct 1, 2016.
             Was a High Priest of Trog.
             Mangled by an orc knight
             ... wielding a +0 great mace
              (23 damage)
             ... on level 10 of the Dungeon.
             The game lasted 00:18:56 (6843 turns).

Naow the Severer (Minotaur Berserker)               Turns: 6843, Time: 00:18:59

Health: -6/123     AC: 15    Str: 26    XL:     11   Next: 14%
Magic:  10/10      EV:  7    Int:  7    God:    Trog [*****.]
Gold:   411        SH:  0    Dex: 11    Spells: 0 memorised, 10 levels left

rFire  + . .     SeeInvis .     J - +0 war axe (elec)
rCold  . . .     Gourm    .     f - +1 plate armour
rNeg   . . .     Faith    .     (no shield)
rPois  +         Spirit   .     (helmet restricted)
rElec  .         Dismiss  .     L - +0 cloak
rCorr  .         Reflect  .     I - +0 pair of gloves
MR     ++...     Harm     .     D - +0 pair of boots
Stlth  ..........               (no amulet)
                                C - ring of protection from fire
                                A - ring of poison resistance

@: berserking, regenerating, very quick
A: retaliatory headbutt, horns 2
a: Berserk, Trog's Hand, Brothers in Arms, Burn Spellbooks, Renounce Religion


You were on level 10 of the Dungeon.
You worshipped Trog.
Trog was extremely pleased with you.
You were very hungry.

You visited 1 branch of the dungeon, and saw 10 of its levels.

You collected 547 gold pieces.
You spent 136 gold pieces at shops.

Inventory:

Hand Weapons
 a - a +0 hand axe
 J - a +0 war axe of electrocution (weapon)
Armour
 f - a +1 plate armour (worn)
 D - a +0 pair of boots (worn)
 I - a +0 pair of gloves (worn)
 L - a +0 cloak (worn)
Rods
 N - a +0 rod of shadows (10/10)
   (You found it on level 6 of the Dungeon)
Jewellery
 y - an uncursed ring of magical power
 A - a ring of poison resistance (left hand)
 C - a ring of protection from fire (right hand)
Wands
 E - a wand of disintegration (8/24)
 F - a wand of flame (18/48)
 O - a wand of acid (4/15)
 P - a wand of random effects (22/48)
 Q - a wand of digging (4/24)
 T - a wand of flame (30/48)
Scrolls
 e - 4 scrolls of teleportation
 h - a scroll of fog
 j - 3 scrolls of magic mapping {unknown}
 o - 10 scrolls of identify {unknown}
 q - 6 scrolls of remove curse
 s - 2 scrolls of blinking
 t - 3 scrolls of immolation {unknown}
 z - 2 scrolls of enchant weapon {unknown}
 B - 2 scrolls of amnesia {unknown}
 G - a scroll of fear {unknown}
 K - 2 scrolls of recharging {unknown}
 R - a scroll of summoning {unknown}
 U - a scroll of torment {unknown}
Potions
 d - a potion of agility
 g - 5 potions of degeneration
 i - 3 potions of brilliance {unknown}
 k - 2 potions of ambrosia {unknown}
 l - a potion of magic {unknown}
 p - a potion of haste {unknown}
 r - 4 potions of heal wounds
 u - 4 potions of curing {unknown}
 x - 2 potions of invisibility
 M - 3 potions of flight {unknown}
 S - a potion of mutation {unknown}
Books
 w - a book of Changes

   Spells                             Type                      Level
   a - Beastly Appendage              Transmutation                1
   b - Sticks to Snakes               Transmutation                2
   c - Spider Form                    Transmutation/Poison         3
   d - Ice Form                       Ice/Transmutation            4
   e - Blade Hands                    Transmutation                5
   Trog disapproves of the use of such an item.
Comestibles
 c - 6 bread rations
 m - 19 fruits
 n - 6 beef jerkies
 v - 7 meat rations
 H - 10 royal jellies


   Skills:
 - Level 3.6 Fighting
 + Level 19.1 Axes
 - Level 2.4 Armour
 - Level 2.1 Dodging


You had 10 spell levels left.
You didn't know any spells.

Dungeon Overview and Level Annotations

Branches:
Dungeon (10/15)            Temple (0/1) D:4             Orc (0/2) D:10
   Lair: D:8-11

Altars:
Cheibriados
Fedhas
Beogh

Shops:
D:6 *!=?   D:8 *

Portals:
Sewer: D:3

Annotations:
D:10 Joseph


Innate Abilities, Weirdness & Mutations

You reflexively headbutt those who attack you in melee.
You have a pair of horns on your head.


Message History

Trog accepts your kill.
Your plate armour prevents you from hitting the orc knight.
You closely miss Joseph. Joseph hits you but does no damage.
The orc hits you but does no damage.
The orc throws a tomahawk.
The tomahawk hits you.
* * * LOW HITPOINT WARNING * * *
You closely miss the orc knight. You slash Joseph! You slash the orc knight!
The orc knight is lightly wounded.
You completely miss Joseph. You slice the orc!!
There is a sudden explosion of sparks!
You kill the orc!
Trog accepts your kill. Joseph hits you with a quarterstaff.
* * * LOW HITPOINT WARNING * * *
The orc throws a tomahawk.
The tomahawk hits you but does no damage.
The orc barely misses you.
The orc knight hits you with a great mace!!
You die...

................##
.................##
.#.#.#.#..........##
...................##
.#.#.#.#............##
.)).......#######....##
.#.#.#.#..#.....#...>.##
..........#...oo8......#
.#.#.#.#..#...o)@)†.....#
..........#..⌠o@8........#
.......#..#...oo#.........
......###.#.....#.........
.....## ###>._.8#.........
...... #.....#.........
..... #.....#........
..... #..⌠.. ....... ...


You could see an orc knight, Joseph and 5 orcs.

Vanquished Creatures
  Erolcha (D:10)
  The ghost of feamirim the Carver, a novice DsFi of Okawaru (D:8)
  Pikel (D:5)
  An ugly thing (D:9)
  A gargoyle (D:9)
  A two-headed ogre (D:10)
  A hippogriff (D:7)
  5 yaks (D:9)
  Eustachio (D:5)
  2 hungry ghosts
  A soldier ant (D:9)
  A sky beast (D:6)
  5 orc warriors
  2 ice beasts
  A black bear (D:8)
  A wasp (D:9)
  A slave (D:5)
  4 ogres
  A big kobold (D:8)
  3 bullfrogs
  A gnoll sergeant (D:9)
  A wyvern zombie (D:8)
  A scorpion (D:6)
  16 killer bees
  4 wights (D:8)
  3 howler monkeys
  7 crimson imps
  2 bullfrog zombies
  2 centaur zombies (D:4)
  2 quasits
  10 orc priests
  4 hounds
  Crazy Yiuf (D:5)
  3 bullfrog skeletons
  8 orc wizards
  2 centaur skeletons
  An iguana (D:8)
  11 worker ants
  5 hound zombies (D:4)
  2 hound skeletons (D:5)
  2 worker ant zombies (D:4)
  13 gnolls
  11 adders
  A river rat (D:3)
  2 shadow imps
  An ooze (D:4)
  An adder zombie (D:4)
  2 adder skeletons (D:4)
  2 dart slugs (D:1)
  7 leopard geckos
  41 orcs
  4 giant cockroaches
  8 goblins
  6 hobgoblins
  12 jackals
  4 quokkas
  A ball python (D:4)
  A ball python skeleton (D:4)
  8 bats
  5 frilled lizards
  A giant cockroach zombie (D:4)
  A jackal skeleton (D:7)
  A jackal zombie (D:4)
  15 kobolds
  4 leopard gecko zombies
  3 quokka skeletons (D:4)
  3 quokka zombies
  6 rats
  A fungus (D:5)
288 creatures vanquished.

Notes
Turn   | Place    | Note
-------+----------+-------------------------------------------
     0 | D:1      | Naow the Minotaur Berserker began the quest for the Orb.
     0 | D:1      | Reached XP level 1. HP: 19/19 MP: 0/0
    63 | D:1      | Reached skill level 4 in Axes
    68 | D:1      | Reached XP level 2. HP: 18/26 MP: 1/1
   223 | D:1      | Reached skill level 5 in Axes
   483 | D:1      | Reached XP level 3. HP: 31/31 MP: 2/2
   549 | D:2      | Reached ** piety under Trog
   571 | D:2      | Found a snail-covered altar of Cheibriados.
   898 | D:3      | Noticed a bullfrog
   910 | D:3      | Reached skill level 6 in Axes
   910 | D:3      | Reached XP level 4. HP: 16/39 MP: 3/3
   911 | D:3      | Killed a bullfrog
   911 | D:3      | Reached skill level 7 in Axes
   911 | D:3      | Reached XP level 5. HP: 19/45 MP: 4/4
   992 | D:3      | Found a glowing drain.
  1191 | D:3      | Reached *** piety under Trog
  1570 | D:4      | Reached skill level 8 in Axes
  1588 | D:4      | Reached XP level 6. HP: 45/51 MP: 5/5
  1706 | D:4      | Reached **** piety under Trog
  1811 | D:4      | Found a staircase to the Ecumenical Temple.
  1916 | D:4      | Reached skill level 9 in Axes
  2458 | D:5      | Entered Level 5 of the Dungeon
  2520 | D:5      | Reached XP level 7. HP: 57/57 MP: 6/6
  2574 | D:5      | Reached skill level 10 in Axes
  2603 | D:5      | Noticed Eustachio
  2654 | D:5      | Killed Eustachio
  2825 | D:5      | Reached skill level 11 in Axes
  2897 | D:5      | Noticed Pikel
  2915 | D:5      | Killed Pikel
  2915 | D:5      | Reached skill level 12 in Axes
  2915 | D:5      | Reached XP level 8. HP: 47/64 MP: 7/7
  3357 | D:5      | Found a runed door.
  3361 | D:5      | Noticed Crazy Yiuf
  3368 | D:5      | Killed Crazy Yiuf
  3420 | D:6      | Reached skill level 13 in Axes
  3588 | D:6      | Found Suseor's Magic Scroll Emporium.
  3588 | D:6      | Found Fitil's Jewellery Emporium.
  3589 | D:6      | Found Zitzukau's Distillery.
  3589 | D:6      | Found Sesaira's General Store.
  3596 | D:6      | Bought a potion of degeneration for 11 gold pieces
  3671 | D:6      | Reached ***** piety under Trog
  3698 | D:6      | Found a blossoming altar of Fedhas.
  4058 | D:6      | Reached XP level 9. HP: 63/70 MP: 8/8
  4180 | D:7      | Reached skill level 14 in Axes
  4672 | D:7      | Reached skill level 15 in Axes
  4938 | D:8      | Found Ihorath's General Store.
  4939 | D:8      | Noticed feamirim's ghost (novice DsFi)
  4965 | D:8      | Killed feamirim's ghost
  4965 | D:8      | Reached skill level 16 in Axes
  5043 | D:8      | Bought a scroll of blinking for 75 gold pieces
  5043 | D:8      | Bought a potion of heal wounds for 50 gold pieces
  5141 | D:8      | Reached XP level 10. HP: 66/77 MP: 9/9
  5215 | D:8      | Received a gift from Trog
  5658 | D:9      | Noticed a gargoyle
  5668 | D:9      | Reached skill level 17 in Axes
  5678 | D:9      | Killed a gargoyle
  5982 | D:9      | Reached skill level 18 in Axes
  6187 | D:9      | Noticed a green ugly thing
  6196 | D:9      | Killed a green ugly thing
  6651 | D:10     | Entered Level 10 of the Dungeon
  6765 | D:10     | Noticed Erolcha
  6775 | D:10     | Killed Erolcha
  6775 | D:10     | Reached XP level 11. HP: 50/82 MP: 10/10
  6805 | D:10     | Found a roughly hewn altar of Beogh.
  6805 | D:10     | Found a staircase to the Orcish Mines.
  6806 | D:10     | Noticed Joseph
  6812 | D:10     | Noticed an orc knight
  6816 | D:10     | Reached skill level 19 in Axes
  6843 | D:10     | Mangled by an orc knight

Vault maps used:
D:1:      lightli_arrival_statue_moat
D:2:      first_bread, cheibriados_altar_1
D:3:      portal_sewer_entry_b
D:4:      serial_undead, serial_undead_b, serial_undead_e, serial_undead_a,
          serial_undead_a, serial_undead_a, serial_undead_a, serial_undead_c,
          kennysheep_generic_room_2
D:5:      uniq_eustachio, uniq_crazy_yiuf_cottage, uniq_pikel
D:6:      basic_altar, minmay_shop_grid_forest
D:8:      serial_shops, shop
D:9:      hangedman_pestilent_swarm
D:10:     david_orc_5, serial_glass, glass_columns_c, glass_columns_c,
          uniq_erolcha, uniq_joseph, uniq_erica

Skill      XL: |  1  2  3  4  5  6  7  8  9 10 11 |
---------------+----------------------------------+-----
Axes           | 4 5 6 7 8 9 12 13 16 18 19 | 19.1
Fighting       | |  3.6
Armour         | |  2.4
Dodging        | |  2.1

Action                   |  1- 3 |  4- 6 |  7- 9 | 10-12 || total
-------------------------+-------+-------+-------+-------++-------
Melee: Hand axe          |    98 |   178 |    63 |       ||   339
       Headbutt          |    14 |    30 |    54 |    30 ||   128
       War axe           |       |       |   247 |   189 ||   436
Invok: Berserk           |     1 |       |     4 |     3 ||     8
       Trog's Hand       |       |       |     2 |     5 ||     7
  Use: Scroll            |       |       |     4 |       ||     4
  Eat: Chunk             |       |     6 |    14 |     9 ||    29
       Beef jerky        |       |       |       |     1 ||     1
Armor: Animal skin       |     9 |       |       |       ||     9
       Plate armour      |    71 |   129 |   232 |   140 ||   572
Dodge: Dodged            |    56 |    70 |    99 |    63 ||   288
